 Dungeon Crawl Stone Soup version 0.20.1-1-g8b1a95d (webtiles) character file.

696 vineage the Chopper (level 7, 0/61 HPs)
             Began as a Minotaur Fighter on July 26, 2017.
             Succumbed to a worker ant's poison
             ... on level 5 of the Dungeon.
             The game lasted 00:10:37 (4001 turns).

vineage the Chopper (Minotaur Fighter)              Turns: 4001, Time: 00:10:38

Health: 0/61       AC:  6    Str: 22    XL:     7   Next: 37%
Magic:  15/15      EV: 10    Int:  5    God:
Gold:   285        SH: 10    Dex: 10    Spells: 6/6 levels left

rFire    + . .     SeeInvis .   x - -3 whip (curse)
rCold    + . .     Gourm    .   c - +0 shield
rNeg     . . .     Faith    .   w - +3 robe of Clouds {+Fly rElec}
rPois    +         Spirit   .   (helmet restricted)
rElec    +         Reflect  .   (no cloak)
rCorr    +         Harm     .   (no gloves)
MR       +....                  m - +0 pair of boots (curse)
Stlth    ++........             (no amulet)
Regen    0.2/turn               v - ring of magical power
MPRegen  0.2/turn               q - ring of stealth

@: lethally poisoned (0 -> -4), resistant
A: retaliatory headbutt, horns 2, magic resistance 1, mutation resistance 1,
subdued magic 1
a: Evoke Flight


You were on level 5 of the Dungeon.
You were not hungry.

You visited 1 branch of the dungeon, and saw 5 of its levels.

You collected 285 gold pieces.

Inventory:

Hand Weapons
 a - a +1 war axe
 t - a +0 whip
 x - a cursed -3 whip (weapon)
Armour
 b - a +1 scale mail
 c - a +0 shield (worn)
 m - a cursed +0 pair of boots (worn)
 w - the +3 robe of Clouds (worn) {+Fly rElec}
   (You found it on level 5 of the Dungeon)

   It insulates you from electricity.
   It lets you fly.
Jewellery
 i - an uncursed ring of fire
 q - a ring of stealth (right hand)
 v - a ring of magical power (left hand)
Wands
 k - a wand of lightning (9/15)
Scrolls
 e - 2 scrolls of enchant weapon
 g - a scroll of teleportation
 h - a scroll of recharging
 j - 2 scrolls of magic mapping
 n - a scroll of fear
Potions
 d - a potion of might
 p - a potion of agility
 r - a potion of haste
Comestibles
 f - 3 bread rations
 o - 4 fruits
 u - a royal jelly


   Skills:
 + Level 5.0 Fighting
 + Level 6.7 Axes
 + Level 0.2(4.1) Maces & Flails
 + Level 6.2 Armour
 + Level 1.8 Dodging
 + Level 0.6 Stealth
 + Level 4.7 Shields


You had 6 spell levels left.
You didn't know any spells.

Dungeon Overview and Level Annotations

Branches:
Dungeon (5/15)
 Temple: D:4-7

Altars:
Elyvilon
Makhleb
Nemelex Xobeh
Sif Muna
Uskayaw

Annotations:
D:5 Frank's ghost, novice OpMo


Innate Abilities, Weirdness & Mutations

You reflexively headbutt those who attack you in melee.
You have a pair of horns on your head.
You are resistant to hostile enchantments. (MR+)
You are somewhat resistant to further mutation.
Your spells are a little easier to cast, but a little less powerful.


Message History

* * * LOW HITPOINT WARNING * * *
You feel sick.
It was a potion of resistance.
You feel protected.
* * * LOW HITPOINT WARNING * * *
You feel sick.
Unknown command.
There is a lethal amount of poison in your body!
* * * LOW HITPOINT WARNING * * *
You feel sick.
* * * LOW HITPOINT WARNING * * *
You feel sick.
A quokka comes into view.
* * * LOW HITPOINT WARNING * * *
You feel sick.
* * * LOW HITPOINT WARNING * * *
You feel sick.
* * * LOW HITPOINT WARNING * * *
You feel sick.
You die...

# # .# ##.## ######
.... # ##.... .. .
##...## # #.
##.§≈..##.###. #
#.#######.@§...§.....r
#
........§.§...##.....
#.#####....§## ####
#...............
#.#.############ #.#
#.# #.# #######.#


There were no monsters in sight!

Vanquished Creatures
  2 phantoms (D:4)
  A scorpion (D:5)
  An orc priest (D:3)
  An orc wizard (D:5)
  A centaur skeleton (D:4)
  Natasha (thrice) (D:2)
  4 worker ants (D:5)
  4 gnolls (D:5)
  7 adders
  A shadow imp (D:5)
  An adder skeleton (D:4)
  A worm (D:3)
  A dart slug (D:2)
  7 leopard geckos
  11 orcs
  5 bats
  10 giant cockroaches
  4 goblins
  8 hobgoblins
  5 jackals
  2 quokkas
  2 ball pythons
  4 frilled lizards
  A jackal skeleton (D:4)
  A jackal zombie (D:4)
  6 kobolds
  4 rats
98 creatures vanquished.

Notes
Turn   | Place    | Note
-------+----------+-------------------------------------------
     0 | D:1      | vineage the Minotaur Fighter began the quest for the Orb.
     0 | D:1      | Reached XP level 1. HP: 19/19 MP: 0/0
   103 | D:1      | Reached XP level 2. HP: 25/27 MP: 1/1
   668 | D:1      | Reached XP level 3. HP: 27/33 MP: 2/2
   808 | D:2      | Noticed Natasha
   817 | D:2      | Killed Natasha
   822 | D:2      | Found a burning altar of Makhleb.
   824 | D:2      | Noticed Natasha
   835 | D:2      | Killed Natasha
   835 | D:2      | Reached XP level 4. HP: 17/40 MP: 3/3
  1164 | D:2      | Noticed Natasha
  1167 | D:2      | Killed Natasha
  1170 | D:2      | Reached XP level 5. HP: 46/46 MP: 4/4
  1519 | D:3      | Reached skill level 1 in Dodging
  2105 | D:3      | Reached skill level 5 in Armour
  2108 | D:3      | Reached skill level 5 in Axes
  2312 | D:3      | Gained mutation: Armour fits poorly on your strangely shaped body. [potion of mutation]
  2312 | D:3      | Gained mutation: Your mind is acute. (Int +2) [potion of mutation]
  2313 | D:3      | Lost mutation: Your mind is acute. (Int +2) [potion of mutation]
  2313 | D:3      | Lost mutation: Armour fits poorly on your strangely shaped body. [potion of mutation]
  2313 | D:3      | Gained mutation: You are resistant to hostile enchantments. (MR+) [potion of mutation]
  2313 | D:3      | Gained mutation: Your spells are a little easier to cast, but a little less powerful. [potion of mutation]
  2313 | D:3      | Gained mutation: You are somewhat resistant to further mutation. [potion of mutation]
  2438 | D:4      | Found a sparkling altar of Nemelex Xobeh.
  2740 | D:4      | Noticed a phantom
  2764 | D:4      | Killed a phantom
  2764 | D:4      | Reached XP level 6. HP: 36/52 MP: 5/5
  2889 | D:4      | Found a hide-covered altar of Uskayaw.
  2890 | D:4      | Found a white marble altar of Elyvilon.
  3224 | D:5      | Entered Level 5 of the Dungeon
  3425 | D:5      | Reached XP level 7. HP: 60/60 MP: 6/6
  3472 | D:5      | Found a deep blue altar of Sif Muna.
  3501 | D:5      | Noticed Frank's ghost (novice OpMo)
  3518 | D:5      | HP: 4/90 [poisoned by a water moccasin]
  3524 | D:5      | HP: 3/90 [poisoned by a water moccasin]
  3532 | D:5      | HP: 2/90 [poisoned by a water moccasin]
  3540 | D:5      | HP: 2/90 [poisoned by a water moccasin]
  3992 | D:5      | Reached skill level 5 in Fighting
  3996 | D:5      | HP: 3/61 [poisoned by a worker ant]
  4000 | D:5      | HP: 1/61 [poisoned by a worker ant]
  4001 | D:5      | Succumbed to a worker ant's poison

Skill      XL: |  1  2  3  4  5  6  7 |
---------------+----------------------+-----
Armour         | 4 5 6 |  6.2
Shields        | 4 |  4.7
Fighting       | 4 5 |  5.0
Axes           | 3 4 5 6 |  6.7
Dodging        | 1 |  1.8
Maces & Flails | |  0.2
Stealth        | |  0.6

Action                   |  1- 3 |  4- 6 |  7- 9 || total
-------------------------+-------+-------+-------++-------
Melee: War axe           |    55 |   139 |    14 ||   208
       Headbutt          |     4 |    24 |    12 ||    40
       Whip              |       |       |    51 ||    51
  Use: Scroll            |       |    11 |     1 ||    12
       Potion            |       |     2 |     2 ||     4
 Stab: Sleeping          |       |       |     2 ||     2
  Eat: Bread ration      |       |     3 |       ||     3
Armor: Scale mail        |    19 |    48 |       ||    67
       Robe              |       |     2 |    12 ||    14
Dodge: Dodged            |    20 |    35 |    27 ||    82
Block: Shield            |    32 |    59 |    43 ||   134
